 Dungeon Crawl Stone Soup version 0.31-a0-426-g3a05650e59 (webtiles) character file.

Game seed: 15311541636583318409

5383 floatRand the Grappler (level 10, -10/71 HPs)
             Began as a White Draconian Shapeshifter on July 30, 2023.
             Was a Priest of Ru.
             Killed by divine providence
             ... invoked by an orc priest
              (15 damage)
             ... on level 7 of the Dungeon.
             The game lasted 00:08:28 (6833 turns).

floatRand the Grappler (DrSh)                       Turns: 6833, Time: 00:08:28

Health: -10/71     AC:  7    Str: 17    XL:     10   Next: 39%
Magic:  10/10      EV: 14    Int: 10    God:    Ru [***...]
Gold:   374        SH:  0    Dex: 15    Spells: 9/9 levels left

rFire   + .          .
                       - Unarmed
rCold   + . .        (shield unavailable)
rNeg    . . .        (body armour unavailable)
rPois   .            (helmet currently unavailable)
rElec   .            (cloak currently unavailable)
rCorr   .            (gloves currently unavailable)
SInv    .            (boots currently unavailable)
Will    .....        w - amulet of faith
Stlth   +++          (ring unavailable)
HPRegen 0.31/turn    a - ring of protection from fire
MPRegen 0.12/turn

%: faith
@: about to teleport, short of breath, beast-form
A: beast (slay +5), breathe frost, AC +7, unfitting armour, cold resistance 1,
cold-blooded, missing a hand
a: Breathe Frost, Begin Untransformation, Renounce Religion, Sacrifice Arcana,
Sacrifice Resistance, Sacrifice Words, Reject Sacrifices, Draw Out Power


You were on level 7 of the Dungeon.
You worshipped Ru.
Ru was most pleased with you.
You were a hulking beast.
You visited 1 branch of the dungeon, and saw 7 of its levels.

You collected 430 gold pieces.
You spent 56 gold pieces at shops.

Inventory:

Armour
 k - a +0 cloak
Jewellery
 a - a ring of protection from fire (right hand)
 t - a ring of wizardry
 w - an amulet of faith (around neck)
 z - a ring of positive energy
Talismans
 b - a beast talisman (active)
 d - a maw talisman
Wands
 s - a wand of iceblast (9)
Scrolls
 f - 3 scrolls of teleportation
 g - a scroll of silence
 h - a scroll of blinking
 r - 3 scrolls of fog
 v - a scroll of amnesia
Potions
 c - a potion of might
 e - a potion of haste
 i - a potion of brilliance {unknown}
 l - 3 potions of enlightenment
 p - 2 potions of magic
 q - 3 potions of attraction
 u - a potion of berserk rage
 A - a potion of heal wounds


   Skills:
 - Level 1.1 Fighting
 - Level 4.9 Dodging
 - Level 4.8 Stealth
 * Level 12.9 Unarmed Combat
 + Level 8.2 Shapeshifting


You had 9 spell levels left.
You didn't know any spells.
Your spell library contained the following spells:

 Spells                   Type           Power      Damage    Failure   Level
 Summon Small Mammal      Summ           0%         N/A       36%         1
 Blink                    Tloc           0%         N/A       50%         2
 Lesser Beckoning         Tloc           0%         N/A       50%         2
 Call Canine Familiar     Summ           0%         N/A       75%         3
 Dazzling Flash           Conj/Hex       0%         N/A       75%         3
 Gell's Gravitas          Tloc           0%         N/A       75%         3
 Stone Arrow              Conj/Erth      0%         3d7       75%         3
 Summon Guardian Golem    Hex/Summ       0%         N/A       75%         3
 Teleport Other           Tloc           0%         N/A       75%         3
 Vhi's Electric Charge    Tloc/Air       0%         N/A       75%         3
 Manifold Assault         Tloc           0%         N/A       98%         4
 Agony                    Necr           0%         N/A       100%        5
 Arcjolt                  Conj/Air       0%         1d10      100%        5
 Silence                  Hex/Air        0%         N/A       100%        5
 Plasma Beam              Fire/Air       0%         2x1d10    100%        6
 Lehudib's Crystal Spear  Conj/Erth      0%         10d2      100%        8
 Animate Armour           Summ/Erth      Unusable   N/A       N/A         4

Dungeon Overview and Level Annotations

Branches:
Dungeon (7/15)             Temple (0/1) D:6

Altars:
Cheibriados
Kikubaaqudgha
Ru
Vehumet

Shops:
D:2 !


Innate Abilities, Weirdness & Mutations

You are a hulking beast.
Your limbs bulge with bestial killing power. (Slay +5)
You can breathe waves of freezing cold which knock back foes.
Your icy white scales are hard. (AC +7)
You cannot fit into any form of body armour.
Your flesh is cold resistant. (rC+)
You are cold-blooded and may be slowed by cold attacks.
You are missing a hand.


Message History

The orc wizard gestures wildly while chanting.
The orc wizard flickers and vanishes!
The killer bee buzzes angrily.
Items here: )) [ ††.
Unknown command.
You pummel something!!
Reactivating autopickup.
You feel a bit more experienced. The orc barely misses you.
You redirect the orc priest's attack!
The orc closely misses you.
The orc warrior hits you from afar with a +0 trident!
* * * LOW HITPOINT WARNING * * *
You redirect the orc priest's attack!
The orc priest barely misses itself.
Something hits you.
* * * LOW HITPOINT WARNING * * *
Deactivating autopickup; reactivate with Ctrl-A.
The centaur wields a +0 shortbow.
The centaur shoots an arrow.
A killer bee comes into view.
The killer bee buzzes angrily.
Something hits you.
* * * LOW HITPOINT WARNING * * *
The orc priest begins to pray, but is stunned by your conviction!
You redirect the orc priest's attack!
The orc priest closely misses itself.
Things that are here:
a +0 dagger; a +0 robe; an orc corpse Something hits you.
* * * LOW HITPOINT WARNING * * *
Unknown command.
Okay, then.
As you read the scroll of teleportation, it crumbles to dust.
You feel strangely unstable. The orc misses you.
The orc warrior hits you from afar with a +0 trident!
* * * LOW HITPOINT WARNING * * *
Unknown command.
Okay, then.
The orc attacks as you move away! The orc hits you but does no damage.
The orc priest invokes the aid of Beogh against you.
Beogh smites you!
You die...

#..#..#.#...
#..#.##.##....
#....#...#...## #
#...##...##.... #.
#...#..#..#...## #.
#..##.....##..# #.
##..#..#.#..# #.
#..##(..)...##
##.####h.#..#.#.#..#
#.oyo)o.##.........#
#...yo{#####...#########
#.#.oc### ###...####..##
....## #.###.##..##.
...## #.# ##.#..... .#
#.# ##..##.. ## ###.†..
###..


You could see an orc warrior, a centaur, 2 killer bees, 2 orc priests and 2
orcs.

Vanquished Creatures
  2 steam dragons (D:6)
  A water moccasin (D:7)
  2 black bears
  An ice beast (D:7)
  A sky beast (D:7)
  5 ogres
  A centaur (D:5)
  4 phantoms
  A kobold brigand (D:6)
  2 bullfrogs
  2 scorpions
  6 killer bees (D:4)
  7 hounds
  2 jellies (D:6)
  2 orc priests
  A gnoll bouda (D:4)
  4 iguanas
  A sleepcap (D:7)
  Ijyb (D:3)
  3 orc wizards
  13 gnolls
  7 adders
  A shadow imp (D:7)
  A white imp (D:6)
  2 worms
  3 dart slugs
  23 orcs
  7 endoplasms
  12 goblins
  11 hobgoblins
  13 kobolds
  4 quokkas
  5 ball pythons
  3 bats (D:3)
  5 rats
159 creatures vanquished.

Vanquished Creatures (others)
  A human (D:4)
  An orc (D:5)
2 creatures vanquished.

Grand Total: 161 creatures vanquished

Notes
Turn   | Place    | Note
-------+----------+-------------------------------------------
     0 | D:1      | floatRand the Draconian Shapeshifter began the quest for
                  | the Orb.
     0 | D:1      | Reached XP level 1. HP: 16/16 MP: 1/1
   678 | D:2      | Reached XP level 2. HP: 23/23 MP: 2/2
   721 | D:2      | Reached XP level 3. HP: 28/28 MP: 3/3
   968 | D:2      | Found Caczan's Distillery.
   971 | D:2      | Bought a potion of degeneration for 14 gold pieces
   971 | D:2      | Bought a potion of curing for 42 gold pieces
  1238 | D:3      | Reached skill level 4 in Unarmed Combat
  1368 | D:3      | Found a faded altar of an unknown god.
  1480 | D:3      | Reached XP level 4. HP: 22/35 MP: 4/4
  1717 | D:3      | Found a sacrificial altar of Ru.
  1725 | D:3      | Became a worshipper of Ru the Awakened
  1890 | D:3      | Noticed Ijyb
  1913 | D:3      | Killed Ijyb
  2362 | D:4      | Reached skill level 5 in Unarmed Combat
  2362 | D:4      | Reached XP level 5. HP: 31/40 MP: 5/5
  2364 | D:4      | Noticed an ogre
  2374 | D:4      | Killed an ogre
  2441 | D:4      | Reached XP level 6. HP: 42/47 MP: 6/6
  2521 | D:4      | Found an ancient bone altar of Kikubaaqudgha.
  2521 | D:4      | Noticed a human
  2524 | D:4      | Killed a human
  2609 | D:4      | Reached skill level 6 in Unarmed Combat
  2840 | D:4      | Found a snail-covered altar of Cheibriados.
  2887 | D:4      | Gained mutation: You are missing a hand. [Ru sacrifice]
  2887 | D:4      | Reached * piety under Ru
  2887 | D:4      | Reached ** piety under Ru
  2887 | D:4      | Reached *** piety under Ru
  2949 | D:4      | Your scales start taking on an icy white colour.
  2949 | D:4      | Reached XP level 7. HP: 15/52 MP: 7/7
  2949 | D:4      | Gained mutation: Your flesh is cold resistant. (rC+) [White
                  | Draconian growth]
  2957 | D:4      | Reached skill level 7 in Unarmed Combat
  2962 | D:4      | HP: 2/78 [killer bee (4)]
  3358 | D:4      | Reached skill level 5 in Shapeshifting
  4035 | D:5      | Entered Level 5 of the Dungeon
  4135 | D:5      | Reached skill level 8 in Unarmed Combat
  4274 | D:5      | Reached XP level 8. HP: 58/59 MP: 8/8
  4942 | D:5      | Reached skill level 9 in Unarmed Combat
  5592 | D:6      | HP: 2/59 [poisoned by a kobold]
  5831 | D:6      | Found a staircase to the Ecumenical Temple.
  6037 | D:6      | Reached skill level 10 in Unarmed Combat
  6063 | D:6      | Reached XP level 9. HP: 53/64 MP: 9/9
  6353 | D:6      | Found a radiant altar of Vehumet.
  6498 | D:6      | Reached skill level 12 in Unarmed Combat
  6498 | D:6      | Reached XP level 10. HP: 71/71 MP: 10/10
  6833 | D:7      | Killed from afar by an orc priest

Illustrated notes

Levels and vault maps discovered:
D:1:      dpeg_arrival_houses_and_road, layout_basic
D:2:      layout_rooms, serial_forest, infiniplex_forest_straight_2,
          infiniplex_forest_clump_diagonal, infiniplex_forest_clump_small,
          infiniplex_forest_lined_4_way, infiniplex_forest_straight_2,
          infiniplex_forest_lined_2, serial_shops, nicolae_shop_behind_doors
D:3:      layout_basic, nicolae_ru_sacrificial_ziggurat,
          ebering_ecumenical_altar_box, minmay_ruptured, uniq_ijyb
D:4:      layout_layer_cave, tgw_kikubaaqudgha, chei_slow_surprise,
          cheibrodos_gnoll_hut
D:5:      corexii_shantytown, layout_basic, kennysheep_pointless_box,
          hangedman_decor_clover_reticule, minmay_strange_pillars,
          grunt_decor_junction
D:6:      minmay_skewed_foursquare, layout_basic, lemuel_doored_altar,
          minmay_temple_entry_tees, serial_park_tiny_2
D:7:      minmay_the_grid_four_pointed_star
          [minmay_the_grid_triangle_9x9_pentomino_pain,
          minmay_the_grid_triangle_9x9_alien,
          minmay_the_grid_triangle_9x9_negative_grid,
          minmay_the_grid_triangle_9x9_descending_squares,
          minmay_the_grid_prize_diamond_cup], layout_loops_ring,
          nicolae_wu_jian_glorious_leap

Skill      XL: |  1  2  3  4  5  6  7  8  9 |
---------------+----------------------------+-----
Unarmed Combat | 4 5 6 8 10 12 | 12.9
Shapeshifting  | 4 5 6 8 |  8.2
Dodging        | 4 |  4.9
Stealth        | 4 |  4.8
Fighting       | |  1.1

Action                     |  1- 3 |  4- 6 |  7- 9 | 10-12 || total
---------------------------+-------+-------+-------+-------++-------
  Melee: Unarmed           |    66 |   106 |   258 |    35 ||   465
         Tailslap          |     7 |     9 |    34 |     4 ||    54
         Punch             |     2 |     1 |       |       ||     3
 Invoke: Sacrifice a Hand  |       |     1 |       |       ||     1
         Draw Out Power    |       |       |     1 |       ||     1
Ability: Breathe Frost     |       |       |     3 |     2 ||     5
  Evoke: Wand              |       |     2 |       |       ||     2
    Use: Potion            |       |     2 |     4 |       ||     6
         Scroll            |       |       |    16 |     1 ||    17
   Stab: Sleeping          |     1 |       |       |       ||     1
         Invisible         |       |       |     3 |       ||     3
         Distracted        |       |       |     2 |       ||     2
 Armour: Skin              |    13 |    27 |    74 |    13 ||   127
  Dodge: Dodged            |    48 |    53 |   120 |    17 ||   238

Table legend: (Time is in decaauts)
 A = Elapsed time spent in this place.
 B = Non-inter-level travel time spent in this place.
 C = Inter-level travel time spent in this place.
 D = Time resting spent in this place.
 E = Time spent auto-exploring this place.
 F = Levels seen in this place.
 G = Mean time per level.
                   A        B        C        D        E       F      G
               +--------+--------+--------+--------+--------+-----+--------+
         Total |   6763 |   6638 |    125 |   1084 |   4177 |   7 |  966.1 |
       Dungeon |   6763 |   6638 |    125 |   1084 |   4177 |   7 |  966.1 |
               +--------+--------+--------+--------+--------+-----+--------+

Top non-repeatable levels by time:
     D:4: 1680 daAuts
     D:5: 1418 daAuts
     D:6: 1134 daAuts
     D:3: 993 daAuts
     D:2: 672 daAuts
     D:1: 671 daAuts
     D:7: 193 daAuts
